 Dungeon Crawl Stone Soup version 0.25.0-11-g1f837a76a1 (webtiles) character file.

Game seed: 14223925114480990664

98 Dirian the Covered (level 4, -5/40 HPs)
             Began as a Minotaur Fighter on June 24, 2020.
             Killed by divine providence
             ... invoked by an orc priest
              (11 damage)
             ... on level 3 of the Dungeon.
             The game lasted 00:01:48 (2093 turns).

Dirian the Covered (Minotaur Fighter)               Turns: 2093, Time: 00:01:48

Health: -5/40      AC:  6    Str: 22    XL:     4   Next: 44%
Magic:  3/3        EV:  7    Int:  5    God:
Gold:   121        SH:  9    Dex:  9    Spells: 3/3 levels left

rFire    . . .     SeeInvis .   a - +0 long sword
rCold    . . .     Gourm    .   c - +0 kite shield
rNeg     . . .     Faith    .   b - +0 scale mail
rPois    .         Spirit   .   (helmet restricted)
rElec    .         Reflect  .   (no cloak)
rCorr    .         Harm     .   (no gloves)
MR       .....                  (no boots)
Stlth    ..........             (no amulet)
HPRegen  0.13/turn              (no ring)
MPRegen  0.08/turn              (no ring)

@: heavily drained
A: retaliatory headbutt, horns 2
a: no special abilities


You were on level 3 of the Dungeon.
You were not hungry.

You visited 1 branch of the dungeon, and saw 3 of its levels.

You collected 121 gold pieces.

Inventory:

Hand Weapons
 a - a +0 long sword (weapon)
Armour
 b - a +0 scale mail (worn)
 c - a +0 kite shield (worn)
Jewellery
 g - a +4 ring of protection {unknown}
 n - a cursed -4 ring of slaying {unknown}
Scrolls
 i - a scroll of identify {unknown}
 k - a scroll of teleportation {unknown}
 l - 2 scrolls of remove curse {unknown}
 o - a scroll of noise {unknown}
Potions
 d - a potion of might
 f - a potion of haste {unknown}
 h - a potion of invisibility {unknown}
 j - 2 potions of resistance {unknown}
 m - a potion of curing {unknown}
Comestibles
 e - 3 rations


   Skills:
 + Level 4.1(3.0) Fighting
 * Level 4.1(2.9) Long Blades
 + Level 4.4(3.2) Armour
 + Level 4.3(3.1) Shields


You had 3 spell levels left.
You didn't know any spells.
Your spell library was empty.

Dungeon Overview and Level Annotations

Branches:
Dungeon (3/15)

Altars:
Yredelemnul


Innate Abilities, Weirdness & Mutations

You reflexively headbutt those who attack you in melee.
You have a pair of horns on your head.


Message History

You feel drained.
Your shield and scale mail prevent you from hitting the orc priest.
Your headbutt misses the orc priest.
The orc priest is heavily wounded.
The orc priest hits you with a +1 short sword of draining.
* * * LOW HITPOINT WARNING * * *
You feel drained.
The orc priest miscasts a cantrip.
You hit the orc priest but do no damage.
The orc priest is heavily wounded.
The orc priest hits you but does no damage.
You feel drained.
A jackal comes into view.
The jackal barks!
You hit the orc priest but do no damage.
Your headbutt misses the orc priest.
The orc priest is heavily wounded.
The orc priest calls down the wrath of Beogh upon you.
Beogh smites you!
You die...

..##....## ..........
.........## .
.......... .. ######
.........# ... #....#
...g..... .... #....#
#.# #.o).##.....
#....# ##.##.
#####.h...... #.....
.... ##.@oo(##)....
#....####.####..#####
... #....##...#....##
. #..).#.........##
#####...........#
#<..........#
#...........#
##.........##
##...#...##


You could see an orc priest, an orc and a jackal.

Vanquished Creatures
  A gnoll (D:1)
  3 adders (D:2)
  A worm (D:2)
  A dart slug (D:1)
  4 leopard geckos
  2 orcs (D:3)
  6 bats
  2 giant cockroaches
  6 goblins
  6 hobgoblins
  3 ball pythons
  3 frilled lizards (D:1)
  5 kobolds
  8 rats
51 creatures vanquished.

Notes
Turn   | Place    | Note
-------+----------+-------------------------------------------
     0 | D:1      | Dirian the Minotaur Fighter began the quest for the Orb.
     0 | D:1      | Reached XP level 1. HP: 19/19 MP: 0/0
   138 | D:1      | Reached XP level 2. HP: 13/27 MP: 1/1
   613 | D:1      | Reached XP level 3. HP: 29/33 MP: 2/2
  1372 | D:2      | Found a basalt altar of Yredelemnul.
  1500 | D:2      | Reached XP level 4. HP: 40/40 MP: 3/3
  2093 | D:3      | Killed from afar by an orc priest

Illustrated notes

Levels and vault maps discovered:
D:1:      minmay_arrival_diagonal_passages, layout_loops_corners,
          amethyst_killhole, chequers_serial_rivers_small_b, st_stairs_8,
          minmay_misc_feat_five, minmay_tromino_v4_c
D:2:      layout_basic, yredelemnul_altar_generic
D:3:      layout_rooms, led_sif_book, uniq_jessica

Skill      XL: |  1  2  3  4 |
---------------+-------------+-----
Long Blades    | 3 4 |  4.1
Armour         | 4 |  4.4
Shields        | 4 |  4.3
Fighting       | 4 |  4.1

Action                   |  1- 3 |  4- 6 || total
-------------------------+-------+-------++-------
Melee: Long sword        |    79 |    57 ||   136
       Headbutt          |     8 |     8 ||    16
  Eat: Chunk             |     2 |     2 ||     4
Armor: Scale mail        |    44 |    33 ||    77
Dodge: Dodged            |    30 |     9 ||    39
Block: Kite shield       |    50 |    39 ||    89
       Rpst.: Long sword |     7 |     2 ||     9
